 Dungeon Crawl Stone Soup version 0.31.0-32-g396128a36d (webtiles) character file.

Game seed: 3872505971183972359

3 mainiacjoe the Magician (level 1, 0/18 HPs)
             Began as a Djinni Reaver on Mar 11, 2024.
             Slain by a frilled lizard (2 damage)
             ... on level 1 of the Dungeon.
             The game lasted 00:01:04 (302 turns).

mainiacjoe the Magician (Djinni Reaver)              Turns: 302, Time: 00:01:05

Health: 0/18       AC:  4    Str: 11    XL:     1   Next: 55%
Gold:   39         EV: 11    Int: 14    God:
                   SH:  0    Dex: 11

rFire   + + .        a - +0 mace
rCold   x . .        (no shield)
rNeg    . . .        b - +0 leather armour
rPois   ∞            (no helmet)
rElec   .            (no cloak)
rCorr   +            f - +0 pair of gloves
SInv    .            (boots unavailable)
Will    .....        (no amulet)
Stlth   +            c - ring of resist corrosion
HPRegen 0.23/turn    (no ring)
MPRegen 0.00/turn

%: infuse magic (-1 HP)
@: flying
A: sickness immunity, fire resistance 2, cold vulnerability 1, float, innate
caster, HP casting, extra vitality 1
a: no special abilities


You were on level 1 of the Dungeon.
You visited 1 branch of the dungeon, and saw 1 of its levels.

You collected 39 gold pieces.

Inventory:

Hand Weapons
 a - a +0 mace (weapon)
Missiles
 d - 5 stones
Armour
 b - a +0 leather armour (worn)
 f - a +0 pair of gloves (worn)
Jewellery
 c - a ring of resist corrosion (left hand)
Potions
 e - a potion of invisibility {unknown}
 g - 3 potions of heal wounds {unknown}


   Skills:
 - Level 2.0 Fighting
 + Level 2.5 Maces & Flails
 - Level 2.1 Dodging
 + Level 3.0 Spellcasting
 + Level 3.0 Conjurations
 + Level 3.0 Hexes
   Level 0.0 Charms
 + Level 3.0 Summonings
 + Level 3.0 Necromancy
 + Level 3.0 Translocations
   Level 0.0 Transmutations
 + Level 3.0 Fire Magic
 + Level 3.0 Ice Magic
 + Level 3.0 Air Magic
 + Level 3.0 Earth Magic
 + Level 3.0 Alchemy


You knew the following spells:

 Your Spells              Type           Power      Damage    Failure   Level
a - Momentum Strike       Conj/Tloc      20%        3d8       12%         2
c - Hailstorm             Conj/Ice       10%        3d6       24%         3
k - Kiss of Death         Conj/Necr      40%        2d8       9%          1
Your spell library was empty.

Dungeon Overview and Level Annotations

Branches:
Dungeon (1/15)

Altars:


Innate Abilities, Weirdness & Mutations

You are immune to sickness and miasma.
You are immune to poison.
Your flesh is very heat resistant. (rF++)
You are vulnerable to cold. (rC-)
You float through the air rather than walking.
You learn spells naturally, not from books.
Your magical power is your life essence.
You have superior vitality. (+4 MHP)


Message History

You now have 29 gold pieces (gained 5).
You now have 39 gold pieces (gained 10).
Found a stone staircase leading down.
A kobold comes into view. It is wielding a +0 club.
The kobold shouts!
You hear an angry hiss.
A frilled lizard comes into view.
An endoplasm comes into view.
The kobold closely misses you.
You hit the kobold.
You kill the kobold!
You see here a +0 club.
The endoplasm freezes you.
You are frozen!
You feel a terrible chill! The frilled lizard barely misses you.
You barely miss the endoplasm.
The endoplasm hits you but does no damage.
The frilled lizard barely misses you. The endoplasm barely misses you.
The frilled lizard bites you but does no damage.
You hit the endoplasm.
The endoplasm is moderately wounded.
The endoplasm freezes you.
You are frozen.
You feel a terrible chill!
* * * LOW HITPOINT WARNING * * *
The frilled lizard barely misses you.
You hit the endoplasm.
The endoplasm is heavily wounded.
The endoplasm hits you.
* * * LOW HITPOINT WARNING * * *
The frilled lizard barely misses you.
You hit the endoplasm.
The endoplasm is almost dead.
The endoplasm freezes you.
You are frozen.
* * * LOW HITPOINT WARNING * * *
The frilled lizard closely misses you.
You hit the endoplasm.
You kill the endoplasm!
The frilled lizard bites you.
* * * LOW HITPOINT WARNING * * *
The frilled lizard bites you.
You die...

######## #......#
#......#
####......####
.............
#...l..#
#..@...####
#..).......
#......####
...###.####
...........#
...........#
...........######.#
....>..............
...........######.#
.


You could see a frilled lizard.

Vanquished Creatures
  2 endoplasms (D:1)
  A ball python (D:1)
  A bat (D:1)
  A kobold (D:1)
5 creatures vanquished.

Notes
Turn   | Place    | Note
-------+----------+-------------------------------------------
     0 | D:1      | mainiacjoe the Djinni Reaver began the quest for the Orb.
     0 | D:1      | mainiacjoe set off with the following spells memorised:
                  | Kiss of Death, Momentum Strike, Hailstorm.
     0 | D:1      | Reached XP level 1. HP: 18/18 MP: 0/0
   302 | D:1      | Slain by a frilled lizard

Illustrated notes

Levels and vault maps discovered:
D:1:      scummos_arrival_star, layout_basic, minmay_strange_pillars

Skill      XL: |  1 |
---------------+----+-----
Spellcasting   | 3 |  3.0
Conjurations   | 3 |  3.0
Hexes          | 3 |  3.0
Summonings     | 3 |  3.0
Necromancy     | 3 |  3.0
Translocations | 3 |  3.0
Fire Magic     | 3 |  3.0
Ice Magic      | 3 |  3.0
Air Magic      | 3 |  3.0
Earth Magic    | 3 |  3.0
Alchemy        | 3 |  3.0
Fighting       | |  2.0
Maces & Flails | |  2.5
Dodging        | |  2.1

Action                     || total
---------------------------++-------
  Melee: Mace              ||    17
 Armour: Leather armour    ||    15
  Dodge: Dodged            ||    13
